 Dungeon Crawl Stone Soup version 0.30.1-1-g62c8e00024 (webtiles) character file.

Game seed: 11722317286618281673

1421 DemonSlayer the Digger (level 8, -3/54 HPs)
             Began as a Demonspawn Earth Elementalist on July 17, 2023.
             Was an Initiate of Dithmenos.
             Shot with an arrow by a centaur (8 damage)
             ... on level 7 of the Dungeon.
             The game lasted 00:15:46 (6656 turns).

DemonSlayer the Digger (DsEE)                       Turns: 6656, Time: 00:15:47

Health: -3/54      AC:  6    Str:  9    XL:     8   Next: 44%
Magic:  1/16       EV: 13    Int: 17    God:    Dithmenos [......]
Gold:   191        SH:  0    Dex: 15    Spells: 7/17 levels left

rFire   . . .        w - +2 dagger (elec)
rCold   . . .        (no shield)
rNeg    + . .        a - +0 robe
rPois   +            (no helmet)
rElec   .            x - +0 cloak {rCorr}
rCorr   +            i - +0 pair of gloves
SInv    .            (no boots)
Will    .....        (no amulet)
Stlth   ++           g - ring of flight
HPRegen 0.29/turn    d - ring of Katon {rPois rN+}
MPRegen 0.15/turn

%: no passive effects
@: mighty, flying
A: icy blue scales 1, icemail 1, powered by pain 1, condensation shield, demonic
touch 1, hooves 1, sense surroundings 2, screaming 1
a: Renounce Religion


You were on level 7 of the Dungeon.
You worshipped Dithmenos.
Dithmenos was noncommittal.
You visited 2 branches of the dungeon, and saw 8 of its levels.

You collected 340 gold pieces.
You spent 149 gold pieces at shops.

Inventory:

Hand Weapons
 w - a +2 dagger of electrocution (weapon)
Armour
 a - a +0 robe (worn)
 i - a +0 pair of gloves (worn)
 q - a scarf of resistance
 x - a +0 cloak of preservation (worn)
Jewellery
 d - the ring of Katon (right hand) {rPois rN+}
   (You acquired it on level 5 of the Dungeon)

   [ring of poison resistance]

   rPois:     It protects you from poison.
   rN:        It protects you from negative energy.
 g - a ring of flight (left hand)
Wands
 t - a wand of flame (10)
 u - a wand of charming (13)
 v - a wand of mindburst (17)
Scrolls
 e - 2 scrolls of butterflies
 h - 2 scrolls of amnesia
 j - a scroll of poison
 m - 3 scrolls of teleportation
Potions
 c - 2 potions of heal wounds {unknown}
 f - a potion of curing
 n - a potion of degeneration {unknown}
 o - 2 potions of cancellation
 p - a potion of flight {unknown}
 r - a potion of brilliance {unknown}
 s - a potion of haste {unknown}


   Skills:
 + Level 1.4 Fighting
 + Level 1.2 Short Blades
 + Level 3.0 Dodging
 + Level 3.1 Stealth
 + Level 1.0 Shields
 + Level 5.4 Spellcasting
 + Level 3.1 Conjurations
 + Level 0.8 Transmutations
 + Level 6.4 Earth Magic
 + Level 0.6 Evocations


You had 7 spell levels left.
You knew the following spells:

 Your Spells              Type           Power      Damage    Failure   Level
a - Sandblast             Erth           52%        2d12      1%          1
b - Stone Arrow           Conj/Erth      40%        3d9       6%          3
c - Passwall              Tmut/Erth      14%        N/A       4%          2
d - Petrify               Tmut/Erth      17%        N/A       30%         4

Your spell library contained the following spells:

 Spells                   Type           Power      Damage    Failure   Level


Dungeon Overview and Level Annotations

Branches:
Dungeon (7/15)             Temple (1/1) D:5

Altars:
Ashenzari
Cheibriados
Dithmenos
Fedhas
Gozag
Makhleb
Nemelex Xobeh
Okawaru
Qazlal
Ru
Sif Muna
Uskayaw
Vehumet
Wu Jian
Xom
Yredelemnul

Shops:
D:5 [


Innate Abilities, Weirdness & Mutations

You are partially covered in icy blue scales. (AC +2)
A meltable icy envelope protects you from harm. (AC +0)
You sometimes gain a little power by taking damage.
A meltable shield of frost defends you. (SH +0)
Your touch may inflict minor irresistible damage on your foes.
You have large cloven feet.
You passively map the area around you.
You occasionally shout uncontrollably at your foes.


Message History

Dithmenos accepts your kill.
You are out of magic!
Okay, then.
A centaur comes into view.
The gnoll sergeant barely misses you.
You hit the gnoll sergeant but do no damage.
You kick the gnoll sergeant, but do no damage.
Your touch misses the gnoll sergeant.
The gnoll sergeant hits you with a +2 spear of flaming.
Your icy defences dissipate!
The gnoll sergeant burns you.
You closely miss the gnoll sergeant.
You kick the gnoll sergeant, but do no damage.
The centaur misses you. x2
The gnoll sergeant hits you but does no damage.
The centaur hits you. The centaur closely misses you.
You hit the gnoll sergeant but do no damage.
The gnoll sergeant blocks your attack.
The gnoll sergeant hits you with a +2 spear of flaming!
The gnoll sergeant burns you.
The centaur hits you but does no damage.
The centaur barely misses you.
The centaur wields a +0 shortbow.
The centaur shoots an arrow.
The arrow hits you! The gnoll closely misses you.
The gnoll sergeant hits you from afar with a +2 spear of flaming!
* * * LOW HITPOINT WARNING * * *
You focus on the pain.
You feel very mighty all of a sudden. The gnoll sergeant burns you.
* * * LOW HITPOINT WARNING * * *
There is a stone staircase leading up here.
Unknown command.
Unknown command.
The centaur shoots an arrow.
The arrow hits you.
* * * LOW HITPOINT WARNING * * *
The gnoll closely misses you. The gnoll sergeant barely misses you.
The gnoll hits you with a +0 club.
* * * LOW HITPOINT WARNING * * *
The centaur shoots an arrow.
The arrow hits you!
You die...

,,*,,,,,,,.....#....#?#
,,*,********...#..#.#.#
,,*,* *,#.####.#.#
,,*,* *****,#......#.#
,,*,****,,,*,#.>.....†#
,,,,,,,,,*,*,#.#g######
,,,,,,,,,*,*,#g#gc....#
,,,,,,,,,*,,,gg#.##.#.#
,,*,****,***.#.#@?#,#,*
,,,,,,,,,,,g.g.#g.#,*,*
,,,,****,,..,..g..#,*,*
~~~,* *,###,..#...,*,**
**~,* *,* *,#.#....,,,*
,*~,****,*
*,#,......,,*
,*~,*,,,,*
*,**#.#####,*
,*~,,,**** *,*
#.#,,,*,* **~,,** *,*
*,*,*,*,*


You could see a gnoll sergeant, a centaur and 3 gnolls.

Vanquished Creatures
  Pikel (D:6)
  2 ice beasts
  An ogre (D:5)
  2 bullfrogs
  3 jellies
  3 hounds
  An orc priest (D:6)
  Ijyb (D:4)
  Terence (D:1)
  2 orc wizards (D:3)
  2 iguanas
  5 gnolls
  6 adders
  A shadow imp (D:5)
  A white imp (D:6)
  2 ufetubi (D:5)
  A worm (D:3)
  2 dart slugs (D:1)
  14 orcs
  7 endoplasms
  4 giant cockroaches
  10 goblins
  7 hobgoblins
  4 quokkas
  9 ball pythons
  4 bats
  2 frilled lizards (D:1)
  7 kobolds
  6 rats
111 creatures vanquished.

Notes
Turn   | Place    | Note
-------+----------+-------------------------------------------
     0 | D:1      | DemonSlayer the Demonspawn Earth Elementalist began the
                  | quest for the Orb.
     0 | D:1      | Reached XP level 1. HP: 13/13 MP: 3/3
   112 | D:1      | Reached skill level 3 in Earth Magic
   183 | D:1      | Gained mutation: A meltable shield of frost defends you.
                  | (SH +0) [demonic ancestry]
   183 | D:1      | Reached XP level 2. HP: 19/19 MP: 3/5
   642 | D:1      | Gained mutation: Your touch may inflict minor irresistible
                  | damage on your foes. [demonic ancestry]
   642 | D:1      | Reached XP level 3. HP: 24/24 MP: 4/6
   956 | D:1      | Learned a level 3 spell: Stone Arrow
   959 | D:1      | Learned a level 2 spell: Passwall
  1339 | D:2      | Noticed Terence
  1363 | D:1      | Killed Terence
  1364 | D:1      | Gained mutation: You sometimes gain a little power by
                  | taking damage. [demonic ancestry]
  1364 | D:1      | Reached XP level 4. HP: 19/30 MP: 1/8
  1587 | D:2      | Identified the +3 rapier "Duxtim" {freeze, Str+2}
  2182 | D:3      | Reached skill level 4 in Earth Magic
  2188 | D:3      | Reached XP level 5. HP: 29/35 MP: 6/9
  2615 | D:3      | Found a faded altar of an unknown god.
  2858 | D:3      | Learned a level 4 spell: Petrify
  3341 | D:4      | Noticed Ijyb
  3365 | D:4      | Killed Ijyb
  3632 | D:4      | Reached skill level 5 in Earth Magic
  3632 | D:4      | Reached XP level 6. HP: 41/42 MP: 8/11
  3874 | D:4      | Reached skill level 1 in Fighting
  4033 | D:5      | Entered Level 5 of the Dungeon
  4364 | D:5      | Noticed an ice beast
  4372 | D:5      | Killed an ice beast
  4453 | D:5      | Gained mutation: A meltable icy envelope protects you from
                  | harm. (AC +0) [demonic ancestry]
  4453 | D:5      | Reached XP level 7. HP: 22/48 MP: 2/13
  4678 | D:5      | Found a blossoming altar of Fedhas.
  4771 | D:5      | Found Etijosum's Armour Shoppe.
  4800 | D:5      | Bought a +0 cloak of preservation for 149 gold pieces
  4923 | D:5      | Identified a scroll of acquirement
  5044 | D:5      | Acquired the ring of Katon {rPois rN+}
  5074 | D:5      | Found a staircase to the Ecumenical Temple.
  5217 | D:5      | Found a stormy altar of Qazlal.
  5265 | Temple   | Entered the Ecumenical Temple
  5334 | Temple   | Became a worshipper of Dithmenos the Shadowed
  5525 | D:6      | Reached skill level 1 in Conjurations
  5775 | D:6      | Found a sacrificial altar of Ru.
  5798 | D:6      | Noticed Pikel
  5813 | D:6      | Gained mutation: You are dopey. (Int -2) [potion of
                  | mutation]
  5813 | D:6      | Gained mutation: You have large cloven feet. [potion of
                  | mutation]
  5813 | D:6      | Gained mutation: You occasionally lose the ability to drink
                  | potions when taking damage. [potion of mutation]
  5813 | D:6      | Gained mutation: You have a pair of small horns on your
                  | head. [potion of mutation]
  5823 | D:6      | Killed Pikel
  5824 | D:6      | Reached skill level 1 in Short Blades
  5824 | D:6      | Reached skill level 5 in Spellcasting
  5824 | D:6      | Reached skill level 6 in Earth Magic
  5824 | D:6      | Gained mutation: You are partially covered in icy blue
                  | scales. (AC +2) [demonic ancestry]
  5824 | D:6      | Reached XP level 8. HP: 22/54 MP: 2/15
  5824 | D:6      | Lost mutation: You are dopey. (Int -2) [potion of mutation]
  5824 | D:6      | Lost mutation: You occasionally lose the ability to drink
                  | potions when taking damage. [potion of mutation]
  5824 | D:6      | Lost mutation: You have a pair of small horns on your head.
                  | [potion of mutation]
  5824 | D:6      | Gained mutation: You passively map a small area around you.
                  | [potion of mutation]
  5824 | D:6      | Gained mutation: You occasionally shout uncontrollably at
                  | your foes. [potion of mutation]
  5824 | D:6      | Gained mutation: You passively map the area around you.
                  | [potion of mutation]
  6077 | D:6      | Found a broken altar of Ashenzari.
  6438 | D:6      | Found a burning altar of Makhleb.
  6646 | D:7      | Reached skill level 1 in Shields
  6656 | D:7      | Shot with an arrow by a centaur

Illustrated notes

Levels and vault maps discovered:
D:1:      nicolae_arrival_escape_room, layout_basic, serial_bayou_pond_b
D:2:      layout_basic, uniq_terence
D:3:      layout_loops_ring, mainiacjoe_overflow_paths,
          shapermc_ecumenical_altar_flowoftime, amethyst_killhole, st_stairs_13,
          fountainhead
D:4:      kennysheep_big_flooded_room, layout_basic, minivault_26, uniq_ijyb
D:5:      layout_basic, lemuel_tele_altar, fedhas_ov_isle_minmay,
          minmay_temple_entry_stoned_glass, nicolae_stop_n_shop_1
D:6:      layout_loops_cross, minitemple, old_standard_altar, uniq_pikel
D:7:      layout_basic, amcnicky_altar_gilded, tso_metal_star, enter_bailey_3
Temple:   nicolae_temple_godzebo

Skill      XL: |  1  2  3  4  5  6  7  8 |
---------------+-------------------------+-----
Earth Magic    | 3 4 5 6 |  6.4
Dodging        | 2 3 |  3.0
Spellcasting   | 3 4 5 |  5.4
Stealth        | 2 3 |  3.1
Fighting       | 1 |  1.4
Conjurations   | 2 3 |  3.1
Short Blades   | 1 |  1.2
Shields        | 1 |  1.0
Transmutations | |  0.8
Evocations     | |  0.6

Action                     |  1- 3 |  4- 6 |  7- 9 || total
---------------------------+-------+-------+-------++-------
  Melee: Unarmed           |     9 |       |       ||     9
         Dagger            |    20 |    30 |    23 ||    73
         Touch             |     3 |     6 |     5 ||    14
         Kick              |       |       |     5 ||     5
         Headbutt          |       |       |     1 ||     1
         Punch             |       |       |     2 ||     2
   Cast: Sandblast         |    62 |    75 |       ||   137
         Stone Arrow       |       |     7 |    30 ||    37
  Evoke: Wand              |       |     3 |       ||     3
    Use: Potion            |     1 |     3 |     4 ||     8
         Scroll            |       |     4 |    11 ||    15
   Stab: Sleeping          |       |     2 |     2 ||     4
 Armour: Robe              |     9 |    13 |     9 ||    31
  Dodge: Dodged            |    36 |    51 |    21 ||   108
  Block: Other             |     6 |    14 |     3 ||    23
